 Seeded DCSS version 0.30-a0-965-g42e074c17a (webtiles) character file.

Game seed: 20230327 (custom seed)

589 GigaChad the Chopper (level 7, -3/61 HPs)
             Began as a Minotaur Fighter on Mar 31, 2023.
             Slain by Pikel
             ... wielding a +0 whip of electrocution
              (10 damage)
             ... on level 4 of the Dungeon.
             The game lasted 00:06:13 (2649 turns).

GigaChad the Chopper (Minotaur Fighter)             Turns: 2649, Time: 00:06:14

Health: -3/61      AC: 28    Str: 22    XL:     7   Next: 15%
Magic:  6/6        EV:  8    Int:  5    God:
Gold:   140        SH:  5    Dex: 10    Spells: 6/6 levels left

rFire   . . .      SeeInvis .    a - +0 war axe
rCold   . . .      Faith    .    c - +0 buckler
rNeg    . . .      Spirit   .    u - +18 Lear's hauberk
rPois   .          Reflect  .    (helmet currently unavailable)
rElec   .          Rampage  .    (no cloak)
rCorr   .                        (gloves currently unavailable)
Will    .....                    (boots currently unavailable) Stlth
                                 (no amulet)
HPRegen 0.30/turn                (no ring)
MPRegen 0.10/turn                (no ring)

@: no status effects
A: horns 2, retaliatory headbutt
a: no special abilities


You were on level 4 of the Dungeon.
You visited 1 branch of the dungeon, and saw 4 of its levels.

You collected 140 gold pieces.

Inventory:

Hand Weapons
 a - a +0 war axe (weapon)
Armour
 b - a +0 scale mail
 c - a +0 buckler (worn)
 u - the +18 Lear's hauberk (worn)
   (You found it on level 4 of the Dungeon)
Jewellery
 j - a ring of fire
Scrolls
 g - 2 scrolls of enchant armour
 i - 3 scrolls of poison {unknown}
 k - 2 scrolls of immolation
 l - 2 scrolls of magic mapping
 m - a scroll of fog
 n - 2 scrolls of blinking {unknown}
 t - a scroll of torment {unknown}
 v - a scroll of amnesia {unknown}
 w - a scroll of identify
Potions
 d - a potion of might
 e - 3 potions of curing {unknown}
 f - a potion of invisibility {unknown}
 h - 2 potions of degeneration {unknown}
 o - a potion of flight {unknown}
 p - 3 potions of brilliance {unknown}
 q - 2 potions of lignification {unknown}
 r - 2 potions of heal wounds {unknown}
 s - a potion of berserk rage {unknown}


   Skills:
 * Level 5.2 Fighting
 + Level 5.7 Axes
 * Level 5.7 Armour
 - Level 1.4 Dodging
 - Level 0.2 Stealth
 * Level 5.5 Shields


You had 6 spell levels left.
You didn't know any spells.
Your spell library contained the following spells:

 Spells                   Type           Power      Damage    Failure   Level
 Sting                    Tmut/Pois      0%         1d3       99%         1
 Poisonous Vapours        Pois/Air       0%         N/A       100%        2
 Olgreb's Toxic Radiance  Pois           0%         N/A       100%        4
 Borgnjor's Revivificati  Necr           0%         N/A       100%        8
 Necromutation            Tmut/Necr      0%         N/A       100%        8
 Death's Door             Necr           0%         N/A       100%        9


Dungeon Overview and Level Annotations

Branches:
Dungeon (4/15)
 Temple: D:4-7

Altars:
Elyvilon

Shops:
D:1 *=:*=

Portals:
Ossuary: D:4

Annotations:
D:4 Pikel


Innate Abilities, Weirdness & Mutations

You have a pair of horns on your head.
You reflexively headbutt those who attack you in melee.


Message History

Pikel, Merchant of Souls comes into view.
He is wielding a +0 whip of electrocution.
There are monsters nearby!
A lemure comes into view.
Pikel shouts!
The lemure shouts!
A lemure comes into view.
The lemure shouts!
You hear a shout!
A lemure comes into view.
The lemure shouts!
The lemure moves out of view.
Pikel hits you but does no damage.
You are electrocuted!
You slash Pikel! Your headbutt misses Pikel.
Pikel is lightly wounded.
You slash the lemure! You block the lemure's attack. You block Pikel's attack.
You block the lemure's attack. Pikel hits you but does no damage.
You closely miss the lemure.
The lemure is moderately wounded.
You hit Pikel but do no damage. Pikel hits you but does no damage.
You are electrocuted!!
You block the lemure's attack.
You hit the lemure but do no damage.
The lemure is moderately wounded.
You hit Pikel. Pikel completely misses you.
The lemure hits you but does no damage.
You hit Pikel but do no damage.
Pikel is moderately wounded.
You miss the lemure. Pikel hits you but does no damage.
You block the lemure's attack.
You barely miss Pikel.
Pikel is moderately wounded.
You barely miss the lemure. Pikel hits you but does no damage.
You are electrocuted!!
* * * LOW HITPOINT WARNING * * *
The lemure barely misses you. x2; You furiously retaliate!
You headbutt the lemure. Pikel hits you but does no damage.
You hit the lemure but do no damage.
The lemure is heavily wounded.
You hit Pikel.
Pikel hits you with a +0 whip of electrocution!
* * * LOW HITPOINT WARNING * * *
You are electrocuted!
You die...

######'####.....#.#..........
#........##.....#.#.......<..
#........##.....#......#....
#.........#†....#...#.......
#.........#.....#.#.#..#..#
#...............#......#..#
#####........#......######.#
.. .†...........##.....# .#
..†..........###@#######
......######## #5K......
......# #.5#####.. ......#
#5## ####### #. #5 #. #. #.


You could see Pikel and 4 lemures.

Vanquished Creatures
  Eustachio (D:4)
  Duvessa (D:4)
  An ogre (D:4)
  A scorpion (D:4)
  Dowan (D:4)
  An iguana (D:4)
  Natasha (D:4)
  A mummy (D:4)
  3 adders
  A worm (D:2)
  2 dart slugs
  4 ball pythons
  6 bats
  4 endoplasms
  5 giant cockroaches
  9 goblins
  6 hobgoblins
  2 jackals (D:2)
  A quokka (D:1)
  3 frilled lizards
  6 kobolds
  4 rats
64 creatures vanquished.

Notes
Turn   | Place    | Note
-------+----------+-------------------------------------------
     0 | D:1      | GigaChad the Minotaur Fighter began the quest for the Orb.
     0 | D:1      | Reached XP level 1. HP: 19/19 MP: 0/0
     4 | D:1      | Found Xoclunid's Book Emporium.
    30 | D:1      | Found Aqium's General Store.
   146 | D:1      | Reached XP level 2. HP: 26/27 MP: 1/1
   157 | D:1      | Found a faded altar of an unknown god.
   241 | D:1      | Found Muif's Jewellery Shop.
   319 | D:1      | Found Wostryiz's General Store.
   535 | D:1      | Found Uvvotic's Jewellery Boutique.
   558 | D:1      | Reached XP level 3. HP: 29/33 MP: 2/2
  1152 | D:2      | Found a white marble altar of Elyvilon.
  1827 | D:3      | Reached XP level 4. HP: 40/40 MP: 3/3
  2075 | D:4      | Found the +18 Lear's hauberk
  2205 | D:4      | Noticed Duvessa
  2206 | D:4      | Noticed Dowan
  2219 | D:4      | Killed Dowan
  2220 | D:4      | Reached skill level 1 in Dodging
  2223 | D:4      | Killed Duvessa
  2224 | D:4      | Reached skill level 5 in Armour
  2224 | D:4      | Reached XP level 5. HP: 25/47 MP: 4/4
  2346 | D:4      | Found a sand-covered staircase.
  2405 | D:4      | Noticed Eustachio
  2427 | D:4      | Killed Eustachio
  2428 | D:4      | Reached skill level 5 in Axes
  2428 | D:4      | Reached skill level 5 in Shields
  2428 | D:4      | Reached XP level 6. HP: 48/53 MP: 5/5
  2459 | D:4      | Noticed Natasha
  2467 | D:4      | Killed Natasha
  2511 | D:4      | Reached skill level 5 in Fighting
  2540 | D:4      | Reached XP level 7. HP: 41/61 MP: 6/6
  2638 | D:4      | Noticed Pikel
  2649 | D:4      | Slain by Pikel

Illustrated notes

Levels and vault maps discovered:
D:1:      doesnt_arrival_eight_statues, layout_basic, serial_shops,
          nicolae_shop_advertising_works [nicolae_subvault_shop_adworks], shop,
          nicolae_lakefront_shop, shop, shop,
          shapermc_ecumenical_altar_notcrosses
D:2:      minmay_spotlight, layout_basic, basic_altar
D:3:      layout_loops_cross, st_stairs_7
D:4:      layout_basic, nicolae_qazlal_style_of_elements,
          gup_ossuary_entry_pyramid, uniq_eustachio, uniq_natasha, uniq_pikel,
          uniq_duvessa

Skill      XL: |  1  2  3  4  5  6 |
---------------+-------------------+-----
Armour         | 4 5 |  5.7
Axes           | 3 4 5 |  5.7
Fighting       | 4 5 |  5.2
Shields        | 4 5 |  5.5
Dodging        | 1 |  1.4
Stealth        | |  0.2

Action                     |  1- 3 |  4- 6 |  7- 9 || total
---------------------------+-------+-------+-------++-------
  Melee: War axe           |   101 |    79 |    11 ||   191
         Headbutt          |    19 |    13 |     1 ||    33
    Use: Scroll            |     4 |       |       ||     4
 Armour: Scale mail        |    53 |     6 |       ||    59
         Chain mail        |       |    56 |    12 ||    68
  Dodge: Dodged            |    61 |    38 |     5 ||   104
  Block: Buckler           |    24 |    21 |     5 ||    50

Table legend: (Time is in decaauts)
 A = Elapsed time spent in this place.
 B = Non-inter-level travel time spent in this place.
 C = Inter-level travel time spent in this place.
 D = Time resting spent in this place.
 E = Time spent auto-exploring this place.
 F = Levels seen in this place.
 G = Mean time per level.
                   A        B        C        D        E       F      G
               +--------+--------+--------+--------+--------+-----+--------+
         Total |   2715 |   2715 |      0 |    171 |   1947 |   4 |  678.8 |
       Dungeon |   2715 |   2715 |      0 |    171 |   1947 |   4 |  678.8 |
               +--------+--------+--------+--------+--------+-----+--------+

Top non-repeatable levels by time:
     D:1: 893 daAuts
     D:2: 654 daAuts
     D:4: 596 daAuts
     D:3: 570 daAuts
